 Dungeon Crawl Stone Soup version 0.20-a0-795-ga03948b (webtiles) character file.

12632 Alarkh the Carver (level 11, -5/68 HPs)
             Began as a Demonspawn Fighter on Mar 2, 2017.
             Was a Priest of Hepliaklqana.
             Slain by Urug
             ... wielding a +6 eveningstar of crushing
              (19 damage)
             ... on level 11 of the Dungeon.
             The game lasted 00:18:55 (9461 turns).

Alarkh the Carver (Demonspawn Fighter)              Turns: 9461, Time: 00:18:55

Health: -5/68      AC: 10    Str: 25    XL:     11   Next: 65%
Magic:  11/11      EV: 23    Int: 14    God:    Hepliaklqana [***...]
Gold:   38         SH: 12    Dex: 19    Spells: 10/10 levels left

rFire    . . .     SeeInvis .   a - +2 scimitar (flame)
rCold    . . .     Gourm    .   S - +2 leather armour {rPois}
rNeg     . . .     Faith    .   c - +0 shield
rPois    +         Spirit   .   (no helmet)
rElec    .         Reflect  .   (no cloak)
rCorr    .         Harm     .   o - +2 pair of gloves
MR       .....     Rnd*Tele +   u - +0 pair of boots
Stlth    +++.......             r - amulet of regeneration
Regen    0.7/turn               P - +4 ring of strength
MPRegen  0.2/turn               G - ring of stealth

@: mighty, agile
A: reduced essence, talons 2, repulsion field 2, clever 1, frail 1, powered by
pain 1, teleportitis 1, MP-powered wands
a: Recall Ancestor, Ancestor Identity, Transference, Renounce Religion


You were on level 11 of the Dungeon.
You worshipped Hepliaklqana.
Hepliaklqana was most pleased with you.
You were not hungry.

You visited 2 branches of the dungeon, and saw 12 of its levels.
You visited 1 bazaar.
You also visited: Sewer.

You collected 638 gold pieces.
You spent 600 gold pieces at shops.

Inventory:

Hand Weapons
 a - a +2 scimitar of flaming (weapon)
 b - a +3 scimitar of freezing
 w - the +1 long sword "Sohuro" {flame, Stlth+}
   (You bought it in a shop on level 10 of the Dungeon)

   It has been specially enchanted to burn those struck by it, causing extra
   injury to most foes and up to half again as much damage against particularly
   susceptible opponents.
   Big, fiery blades are also staple armaments of hydra-hunters.
   It makes you more stealthy.
 y - a +8 scimitar
 O - a +0 dagger of venom
Armour
 c - a +0 shield (worn)
 o - a +2 pair of gloves (worn)
 u - a +0 pair of boots (worn)
 S - a +2 leather armour of poison resistance (worn)
Magical Staves
 M - an uncursed staff of poison
Jewellery
 j - an uncursed ring of protection from cold {unknown}
 r - an amulet of regeneration (around neck)
 t - an uncursed amulet of guardian spirit
 G - a ring of stealth (left hand)
 P - a +4 ring of strength (right hand)
Wands
 E - a wand of digging (16/24)
 J - a wand of acid (6/15)
 N - a wand of iceblast (6/15)
 Q - a wand of paralysis (15/24)
Scrolls
 e - a scroll of identify
 g - 2 scrolls of blinking
 h - 3 scrolls of fear
 l - 10 scrolls of remove curse
 n - a scroll of summoning
 q - 8 scrolls of teleportation
 s - 3 scrolls of magic mapping
 B - 2 scrolls of fog
 C - 2 scrolls of recharging
 W - a scroll of immolation
Potions
 m - 5 potions of haste
 p - 2 potions of cancellation
 v - 7 potions of curing
 z - a potion of invisibility
 A - 3 potions of might
 D - a potion of magic
 H - 3 potions of brilliance
 K - a potion of flight
 L - a potion of ambrosia
 R - 3 potions of heal wounds
 T - a potion of berserk rage
 X - 2 potions of mutation {unknown}
Books
 x - a book of Frost

   Spells                             Type                      Level
   a - Freeze                         Ice                          1
   b - Throw Frost                    Conjuration/Ice              2
   c - Ozocubu's Armour               Charms/Ice                   3
   d - Throw Icicle                   Conjuration/Ice              4
   e - Summon Ice Beast               Ice/Summoning                4
 F - a book of Callings

   Spells                             Type                      Level
   a - Summon Small Mammal            Summoning                    1
   b - Call Imp                       Summoning                    2
   c - Call Canine Familiar           Summoning                    3
   d - Summon Guardian Golem          Hexes/Summoning              3
   e - Summon Lightning Spire         Summoning/Air                4
   f - Summon Ice Beast               Ice/Summoning                4
 I - a book of Minor Magic

   Spells                             Type                      Level
   a - Magic Dart                     Conjuration                  1
   b - Blink                          Translocation                2
   c - Call Imp                       Summoning                    2
   d - Slow                           Hexes                        2
   e - Conjure Flame                  Conjuration/Fire             3
   f - Mephitic Cloud                 Conjuration/Poison/Air       3
Miscellaneous
 V - a phantom mirror
Comestibles
 d - 7 meat rations
 f - 8 bread rations
 i - 9 royal jellies
 k - 11 fruits
 U - 10 chunks of flesh


   Skills:
 + Level 8.2 Fighting
 * Level 10.5 Long Blades
 + Level 7.4 Armour
 + Level 6.8 Dodging
 + Level 7.4 Shields


You had 10 spell levels left.
You didn't know any spells.

Dungeon Overview and Level Annotations

Branches:
Dungeon (11/15)            Temple (1/1) D:6             Orc (0/2) D:10
   Lair: D:8-11

Altars:
Ashenzari
Cheibriados
Dithmenos
Elyvilon
Fedhas
Gozag
Hepliaklqana
Kikubaaqudgha
Makhleb
Nemelex Xobeh
Okawaru
Qazlal
Ru
Sif Muna
Trog
Uskayaw
Vehumet
Wu Jian
Xom
Yredelemnul
Zin
The Shining One
Lugonu

Shops:
D:10 %?!(

Annotations:
D:11 Urug


Innate Abilities, Weirdness & Mutations

You have razor-sharp toenails.
You are surrounded by a moderate repulsion field. (EV +3)
You sometimes gain a little power by taking damage.
Your life essence is reduced. (-10% HP)
Your mind is acute. (Int +2)
You are frail. (-10% HP)
You are occasionally teleported next to monsters.
You expend magic power (3 MP) to strengthen your wands.


Message History

You slice Urug!! You burn Urug!
Urug is severely wounded.
Urug zaps a wand.
The bolt of lightning misses you. The bolt of lightning hits you!
* * * LOW HITPOINT WARNING * * *
You focus on the pain.
You feel agile all of a sudden.
Centenhua hits Urug with a flail!
You barely miss Urug.
Urug is almost dead.
Urug zaps a wand.
The bolt of lightning misses you. x2
Centenhua hits Urug with a flail.
You barely miss Urug.
Urug is almost dead.
Urug zaps a wand.
The bolt of lightning misses you. x2
Centenhua barely misses Urug.
You hit Urug. You burn Urug.
Urug is almost dead.
Urug hits you with an eveningstar of crushing!!
You die...

#.......### #....#
#..(....# +....'
####.#### #....# #(#
###'## #(# # #..# #(#
####.# #.## ####)#####
#... ###.###
#[.))....### ###R#######
#......
...........###..@o.....#
#......
#........#..##.###.###.#
#...... #........##....#
# ###......
#........#####.#
#........ #........# #.#
#..#...... ###.######
#.## ...#####.## #..#
#... ..## #.## #.## ###.
# #..# #.# #. ##.#


You could see the friendly Centenhua the knight and Urug.

Vanquished Creatures
  A centaur warrior (D:11)
  Erica (D:11)
  A two-headed ogre (D:8)
  Pikel (D:8)
  An ugly thing (D:10)
  A cyclops (D:11)
  A slime creature (D:9)
  Sigmund (D:3)
  A wyvern (D:10)
  6 yaks (D:10)
  The ghost of Alarkh the Slasher, an amateur DsMo (D:4)
  A hungry ghost (D:11)
  2 humans (D:11)
  2 wargs (D:10)
  A black bear (D:7)
  3 ice beasts
  2 orc warriors
  3 sky beasts
  A phantom (D:5)
  4 ogres
  10 centaurs
  A crocodile (D:9)
  7 bullfrogs
  4 scorpions
  A water moccasin skeleton (D:5)
  6 wights
  2 bullfrog zombies
  A centaur zombie (D:5)
  4 crimson imps
  2 hounds
  3 jellies
  9 orc priests
  2 centaur skeletons
  Jessica (D:3)
  Ijyb (D:3)
  Terence (D:3)
  4 iguanas
  3 orc wizards
  7 worker ants
  A hound skeleton (D:4)
  4 gnolls (D:8)
  13 adders
  A river rat (Sewer)
  An ooze (D:2)
  3 worms
  A dart slug (D:1)
  7 leopard geckos
  36 orcs
  5 giant cockroaches
  11 goblins
  6 hobgoblins
  11 jackals
  3 quokkas
  2 ball pythons
  7 bats
  8 frilled lizards
  12 kobolds
  A leopard gecko skeleton (D:8)
  A quokka skeleton (D:9)
  8 rats
246 creatures vanquished.

Vanquished Creatures (collateral kills)
  Joseph (D:8)
  A centaur skeleton (D:10)
  A troll (D:9)
  2 hippogriffs
  A hungry ghost (D:9)
  2 orc warriors
  A black bear (D:10)
  A slave (D:8)
  4 ogres
  2 centaurs
  2 big kobolds
  5 wights
  An electric eel (D:9)
  A centaur zombie (D:6)
  3 hounds
  2 orc wizards (D:8)
  4 orc priests
  An iguana (D:6)
  4 worker ants
  A killer bee zombie (D:10)
  A worker ant zombie (D:6)
  3 adders
  A worm (D:4)
  A leopard gecko (D:6)
  8 orcs
  2 ball pythons (D:5)
  A hobgoblin (D:10)
  4 jackals
  A kobold (D:11)
  A quokka (D:6)
  A rat (Sewer)
64 creatures vanquished.

Vanquished Creatures (others)
  2 slaves (D:8)
  2 orc wizards (D:8)
  4 orcs (D:8)
8 creatures vanquished.

Grand Total: 318 creatures vanquished

Notes
Turn   | Place    | Note
-------+----------+-------------------------------------------
     0 | D:1      | Alarkh the Demonspawn Fighter began the quest for the Orb.
     0 | D:1      | Reached XP level 1. HP: 18/18 MP: 1/1
    32 | D:1      | Reached skill level 2 in Long Blades
   124 | D:1      | Gained mutation: You have sharp toenails. [demonic ancestry]
   124 | D:1      | Reached XP level 2. HP: 24/24 MP: 2/2
   605 | D:2      | Found a shimmering altar of Xom.
   640 | D:2      | Reached XP level 3. HP: 28/29 MP: 3/3
   902 | D:2      | Reached skill level 3 in Long Blades
   923 | D:2      | Found a sparkling altar of Nemelex Xobeh.
   963 | D:2      | Gained mutation: You are surrounded by a mild repulsion field. (EV +2) [demonic ancestry]
   963 | D:2      | Reached XP level 4. HP: 35/35 MP: 4/4
  1212 | D:3      | Noticed Jessica
  1222 | D:3      | Killed Jessica
  1222 | D:3      | Reached skill level 1 in Dodging
  1378 | D:3      | Noticed Ijyb
  1403 | D:3      | Killed Ijyb
  1403 | D:3      | Reached XP level 5. HP: 31/42 MP: 5/5
  1460 | D:3      | Noticed Terence
  1479 | D:3      | Killed Terence
  1595 | D:3      | Noticed Sigmund
  1608 | D:3      | Killed Sigmund
  1608 | D:3      | Reached skill level 4 in Long Blades
  1608 | D:3      | Gained mutation: You sometimes gain a little power by taking damage. [demonic ancestry]
  1608 | D:3      | Reached XP level 6. HP: 36/48 MP: 6/6
  1916 | D:3      | Found a deep blue altar of Sif Muna.
  1989 | D:4      | Noticed Alarkh's ghost (amateur DsMo)
  2020 | D:4      | Killed Alarkh's ghost
  2020 | D:4      | Gained mutation: You are surrounded by a moderate repulsion field. (EV +3) [demonic ancestry]
  2020 | D:4      | Reached XP level 7. HP: 17/54 MP: 7/7
  2266 | D:4      | Found a hazy altar of Hepliaklqana.
  2315 | D:4      | Noticed an air elemental
  2317 | D:4      | Found a stormy altar of Qazlal.
  2355 | D:4      | Reached skill level 5 in Long Blades
  2435 | D:4      | Became a worshipper of Hepliaklqana the Forgotten
  2479 | D:4      | Found a hide-covered altar of Uskayaw.
  2638 | D:4      | Noticed a water elemental
  2643 | D:4      | Noticed a fire elemental
  2692 | D:5      | Entered Level 5 of the Dungeon
  2774 | D:5      | Found a glowing drain.
  2886 | Sewer    | Entered a sewer
  2989 | Sewer    | Found a white marble altar of Elyvilon.
  3058 | D:5      | Reached XP level 8. HP: 37/54 MP: 8/8
  3249 | D:5      | Reached skill level 5 in Fighting
  3601 | D:5      | Found a glowing silver altar of Zin.
  3640 | D:5      | Reached skill level 6 in Long Blades
  3749 | D:6      | Reached * piety under Hepliaklqana
  3754 | D:6      | Found a radiant altar of Vehumet.
  3754 | D:6      | Found a shimmering altar of Xom.
  3987 | D:6      | Found a staircase to the Ecumenical Temple.
  4294 | D:6      | Found an opulent altar of Gozag.
  4399 | D:6      | Reached skill level 5 in Shields
  4500 | D:6      | Reached skill level 5 in Armour
  4500 | D:6      | Reached XP level 9. HP: 57/62 MP: 9/9
  4713 | D:6      | Found a glowing golden altar of the Shining One.
  5064 | D:7      | Reached skill level 7 in Long Blades
  5210 | D:7      | Gained mutation: Your mind is acute. (Int +2) [mutagenic meat]
  5211 | D:7      | Gained mutation: You expend magic power (3 MP) to strengthen your wands. [mutagenic meat]
  5212 | D:7      | Gained mutation: You are occasionally teleported next to monsters. [mutagenic meat]
  5213 | D:7      | Gained mutation: You are frail. (-10% HP) [mutagenic meat]
  5229 | D:7      | Reached ** piety under Hepliaklqana
  5231 | D:7      | Remembered your ancestor Centenhua as a knight
  5729 | D:6      | Found a sparkling altar of Nemelex Xobeh.
  5795 | Temple   | Entered the Ecumenical Temple
  6148 | D:8      | Found an ornate altar of the Wu Jian Council.
  6159 | D:8      | Noticed Pikel
  6216 | D:8      | Killed Pikel
  6216 | D:8      | Reached skill level 8 in Long Blades
  6266 | D:8      | Found a sacrificial altar of Ru.
  6281 | D:8      | Found a basalt altar of Yredelemnul.
  6309 | D:8      | Noticed a two-headed ogre
  6317 | D:8      | Killed a two-headed ogre
  6317 | D:8      | Reached skill level 5 in Dodging
  6317 | D:8      | Reached XP level 10. HP: 31/61 MP: 10/10
  6394 | D:8      | Noticed Joseph
  6410 | D:8      | Killed Joseph
  7162 | D:9      | Reached skill level 9 in Long Blades
  7574 | D:9      | Identified a scroll of acquirement
  7894 | D:10     | Entered Level 10 of the Dungeon
  7961 | D:10     | Found Iryush's Food Shoppe.
  8064 | D:10     | Found a staircase to the Orcish Mines.
  8211 | D:10     | Found Tenenioh's Antique Weapon Boutique.
  8214 | D:10     | Bought a crystal long sword for 255 gold pieces
  8214 | D:10     | Identified the +1 long sword "Sohuro" {flame, Stlth+} (You bought it in a shop on level 10 of the Dungeon)
  8318 | D:10     | Gained mutation: You have razor-sharp toenails. [demonic ancestry]
  8318 | D:10     | Reached XP level 11. HP: 65/67 MP: 11/11
  8408 | D:10     | Reached *** piety under Hepliaklqana
  8462 | D:10     | Found Kiemuxup's Distillery.
  8467 | D:10     | Bought a potion of heal wounds for 60 gold pieces
  8467 | D:10     | Bought a potion of haste for 120 gold pieces
  8467 | D:10     | Bought a potion of heal wounds for 60 gold pieces
  8759 | D:10     | Noticed a green ugly thing
  8774 | D:10     | Killed a green ugly thing
  8869 | D:10     | Found Deonuimi's Magic Scroll Emporium.
  8874 | D:10     | Bought a scroll of enchant weapon for 105 gold pieces
  9002 | D:11     | Reached skill level 10 in Long Blades
  9109 | D:11     | Noticed Erica
  9122 | D:11     | Killed Erica
  9203 | D:11     | Found a flickering gateway to a bazaar.
  9238 | Bazaar   | Entered a bazaar
  9238 | Bazaar   | Found Kaygoe's Antique Weapon Shop.
  9273 | Bazaar   | Found Myennolu's General Store.
  9293 | Bazaar   | Found Lamaedei's Antique Armour Shop.
  9343 | D:11     | Noticed a centaur warrior
  9360 | D:11     | Killed a centaur warrior
  9453 | D:11     | Noticed Urug
  9461 | D:11     | Slain by Urug

Vault maps used:
D:1:      onia_arrival_pentagram, corexii_corridor_pit
D:2:      nemelex_altar_shiori, first_bread, hangedman_decor_points,
          xom_teletrap_fun
D:3:      led_sif_pool, uniq_iyjb, uniq_terence, uniq_jessica, uniq_sigmund
D:4:      nicolae_overflow_crystal_walls, nicolae_qazlal_style_of_elements,
          kennysheep_mini_moat
D:5:      zin_statuary, portal_sewer_entry_a, minmay_strange_pillars,
          nicolae_sextant, serial_bayou_lagoon_b
D:6:      lemuel_upstairs_altar, old_standard_altar, marbit_many_paths,
          chequers_temple_overflow_statue_of_worship,
          minmay_temple_entry_from_below_a
D:8:      lemuel_crystal_altar, minitemple, uniq_joseph, uniq_pikel
D:9:      kennysheep_big_flooded_room, grunt_ogre_cave
D:10:     erik_orc_3, serial_shops, shop, kennysheep_little_box,
          nicolae_shop_window_shopping, shop
D:11:     lair_entry_dummy, serial_shops, bzr_entry_customers, uniq_erica,
          uniq_urug
Temple:   corrupted_temple
Bazaar:   bazaar_jpeg_cross
Sewer:    sewer_kobolds

Skill      XL: |  1  2  3  4  5  6  7  8  9 10 11 |
---------------+----------------------------------+-----
Long Blades    | 2 3 4 5 6 8 9 10 | 10.5
Armour         | 3 4 5 6 7 |  7.4
Dodging        | 1 2 3 5 6 |  6.8
Shields        | 3 4 5 6 7 |  7.4
Fighting       | 4 5 6 7 8 |  8.2

Action                   |  1- 3 |  4- 6 |  7- 9 | 10-12 || total
-------------------------+-------+-------+-------+-------++-------
Melee: Long sword        |   126 |    65 |   475 |    22 ||   688
       Kick              |    28 |    38 |    43 |       ||   109
       Dagger            |       |    98 |       |       ||    98
       Scimitar          |       |       |       |   324 ||   324
Invok: Ancestor Life: Kn |       |       |     1 |       ||     1
       Recall Ancestor   |       |       |       |     3 ||     3
  Use: Potion            |     1 |     1 |     1 |     2 ||     5
       Scroll            |       |     4 |    12 |     8 ||    24
 Stab: Distracted        |       |       |     5 |     2 ||     7
       Sleeping          |       |       |       |     2 ||     2
  Eat: Chunk             |     1 |     3 |    21 |    14 ||    39
Armor: Scale mail        |    55 |    53 |   133 |    30 ||   271
       Leather armour    |       |       |       |    46 ||    46
Dodge: Dodged            |    51 |    61 |   273 |   216 ||   601
Block: Shield            |    62 |    59 |   256 |   242 ||   619
       Rpst.: Long sword |    15 |     6 |    89 |     5 ||   115
       Scimitar          |       |       |       |    52 ||    52
